 Dungeon Crawl Stone Soup version 0.29.0-13-gc9e81de378 (webtiles) character file.

Game seed: 17399061241476425872

480558 inmateoo the Black Belt (level 24, -2/170 HPs)
             Began as an Octopode Transmuter on Sept 10, 2022.
             Was the Champion of Makhleb.
             Killed by the air
             ... invoked by a titan
              (28 damage)
             ... on level 5 of the Vaults.
             The game lasted 01:51:00 (56221 turns).

inmateoo the Black Belt (Octopode Transmuter)      Turns: 56221, Time: 01:51:01

Health: -2/170     AC: 20    Str: 14 (15) XL:     24   Next: 85%
Magic:  32/43      EV: 44    Int: 39 (40) God:    Makhleb [******]
Gold:   1972       SH:  5    Dex: 25 (26) Spells: 4/55 levels left

rFire   + . .      SeeInvis .     - Unarmed
rCold   + . .      Faith    .   (shield currently unavailable)
rNeg    . . .      Spirit   .   (helmet currently unavailable)
rPois   ∞          Reflect  +   t - amulet of reflection
rElec   +          Harm     .   b - +6 ring of intelligence
rCorr   .          Rampage  .   i - +4 ring of evasion
Will    ++...                   H - ring of protection from fire
Stlth   +++++++...              Y - ring of protection from cold
HPRegen 0.38/turn               a - ring of Yddu {rF- Will+ Str+6 Dex+9 Stlth+}
MPRegen 0.28/turn               f - ring of Veariuz {rF+ Dex+4 Slay+4}
                                L - +4 ring of evasion
                                W - +6 ring of intelligence

@: storm-form, wereblooded, flying, studying 3 skills
A: cleaving, insubstantial, flying, almost no armour, amphibious, 8 rings,
(camouflage 1), (gelatinous body 1), (nimble swimmer 1), (tentacles), clever 1,
deterioration 1
}: 2/15 runes: decaying, serpentine
a: Blinkbolt, End Transformation, Renounce Religion, Minor Destruction, Lesser
Servant of Makhleb, Major Destruction, Greater Servant of Makhleb


You were on level 5 of the Vaults.
You worshipped Makhleb.
Makhleb was exalted by your worship.
You were a lightning-filled tempest!
You visited 9 branches of the dungeon, and saw 43 of its levels.
You also visited: Ice Cave and Volcano.

You collected 5330 gold pieces.
You spent 3358 gold pieces at shops.

Inventory:

Armour
 d - the -2 hat of the Alchemist {rElec rPois rF+ rC+ rN+ Will+ rMut rCorr}
   (You bought it in a shop on level 2 of the Vaults)

   rF:        It protects you from fire.
   rC:        It protects you from cold.
   rElec:     It insulates you from electricity.
   rPois:     It protects you from poison.
   rN:        It protects you from negative energy.
   rCorr:     It protects you from acid and corrosion.
   rMut:      It protects you from mutation.
   Will:      It increases your willpower.
 G - a +2 kite shield of cold resistance (melded)
 R - the +3 hat of Pondering (melded) {ponderous, Will+ MP+10 Int+5}
   (You found it on level 4 of the Snake Pit)

   Int:       It affects your intelligence (+5).
   MP:        It affects your magic capacity (+10).
   Will:      It increases your willpower.
Jewellery
 a - the ring of Yddu (on tentacle) {rF- Will+ Str+6 Dex+9 Stlth+}
   (You found it in a volcano)

   [ring of strength]

   Str:       It affects your strength (+6).
   Dex:       It affects your dexterity (+9).
   rF:        It makes you vulnerable to fire.
   Will:      It increases your willpower.
   Stlth:     It makes you more stealthy.
 b - a +6 ring of intelligence (left tentacle)
 f - the ring of Veariuz (on tentacle) {rF+ Dex+4 Slay+4}
   (You found it on level 3 of the Depths)

   [ring of slaying]

   Dex:       It affects your dexterity (+4).
   Slay:      It affects your accuracy & damage with ranged weapons and melee
   (+4).
   rF:        It protects you from fire.
 g - a ring of protection from cold
 i - a +4 ring of evasion (right tentacle)
 j - the ring "Laekhloj" {Fire rPois Int+2 SInv}
   (You found it on level 5 of the Lair of Beasts)

   [ring of fire]

   It enhances your fire magic.
   Int:       It affects your intelligence (+2).
   rF:        It protects you from fire.
   rC:        It makes you vulnerable to cold.
   rPois:     It protects you from poison.
   SInv:      It lets you see invisible.
 l - a ring of wizardry
 t - an amulet of reflection (around neck)
 w - a ring of protection from cold
 A - a ring of resist corrosion
 H - a ring of protection from fire (on tentacle)
 I - a ring of positive energy
 J - a +6 ring of intelligence
 L - a +4 ring of evasion (on tentacle)
 W - a +6 ring of intelligence (on tentacle)
 Y - a ring of protection from cold (on tentacle)
Wands
 c - a wand of mindburst (15)
 m - a wand of light (40)
 s - a wand of flame (9)
 u - a wand of paralysis (22)
 F - a wand of polymorph (7)
 Q - a wand of iceblast (57)
 U - a wand of digging (19)
Scrolls
 e - 5 scrolls of silence
 y - 8 scrolls of fog
 z - 14 scrolls of teleportation
 K - 17 scrolls of identify
 M - a scroll of summoning
 N - 5 scrolls of enchant armour
 O - 2 scrolls of amnesia
 P - 10 scrolls of magic mapping
 X - a scroll of blinking
 Z - a scroll of fear
Potions
 h - 16 potions of curing
 k - 7 potions of brilliance
 n - a potion of cancellation
 o - 4 potions of haste
 p - 8 potions of magic
 q - 4 potions of resistance
 r - a potion of heal wounds
 v - 5 potions of might
 x - 2 potions of berserk rage
 B - 10 potions of mutation
 C - a potion of ambrosia
 D - a potion of flight
Miscellaneous
 S - a box of beasts
 T - a condenser vane


   Skills:
 + Level 15.2 Fighting
 - Level 3.0 Short Blades
 + Level 14.8 Dodging
 - Level 14.0 Stealth
 - Level 5.0 Shields
 - Level 18.0 Unarmed Combat
 + Level 16.0 Spellcasting
 - Level 9.0 Summonings
 - Level 5.0 Necromancy
 - Level 7.0 Translocations
 - Level 17.0 Transmutations
 - Level 9.0 Ice Magic
 + Level 13.1 Air Magic
 - Level 7.0 Earth Magic
 - Level 6.0 Poison Magic
 - Level 14.0 Invocations
 - Level 5.0 Evocations


You had 4 spell levels left.
You knew the following spells:

 Your Spells              Type           Power      Damage    Failure   Level
a - Statue Form           Tmut/Erth      60%        N/A       1%          6
b - Wereblood             Tmut           100%       N/A       0%          2
c - Summon Forest         Summ/Tloc      38%        N/A       1%          5
d - Storm Form            Tmut/Air       49%        N/A       1%          7
e - Dragon Form           Tmut           52%        N/A       1%          7
f - Borgnjor's Vile Clut  Necr/Erth      33%        N/A       2%          5
g - Ozocubu's Refrigerat  Ice            39%        4d16      22%         7
h - Maxwell's Capacitive  Air            46%        ∞         30%         8
i - Summon Lightning Spi  Summ/Air       87%        N/A       1%          4

Your spell library contained the following spells:

 Spells                   Type           Power      Damage    Failure   Level
 Beastly Appendage        Tmut           100%       N/A       0%          1
 Passwall                 Tmut/Erth      75%        N/A       0%          2
 Swiftness                Air            93%        N/A       0%          3
 Apportation              Tloc           100%       N/A       1%          1
 Freeze                   Ice            100%       1d11      1%          1
 Magic Dart               Conj           100%       1d8       1%          1
 Necrotise                Necr           100%       1d9       1%          1
 Sandblast                Erth           100%       2d20      1%          1
 Slow                     Hex            100%       N/A       1%          1
 Summon Small Mammal      Summ           100%       N/A       1%          1
 Searing Ray              Conj           62%        2d6       1%          2
 Sublimation of Blood     Necr           63%        N/A       1%          2
 Call Canine Familiar     Summ           79%        N/A       1%          3
 Frozen Ramparts          Ice            100%       1d16      1%          3
 Gell's Gravitas          Tloc           72%        N/A       1%          3
 Lesser Beckoning         Tloc           72%        N/A       1%          3
 Portal Projectile        Hex/Tloc       100%       N/A       1%          3
 Spider Form              Tmut/Pois      88%        N/A       1%          3
 Stone Arrow              Conj/Erth      100%       3d13      1%          3
 Teleport Other           Tloc           72%        N/A       1%          3
 Vampiric Draining        Necr           63%        2d10      1%          3
 Airstrike                Air            46%        2d(7-23)  1%          4
 Dispel Undead            Necr           63%        3d22      1%          4
 Hailstorm                Conj/Ice       60%        3d13      1%          4
 Ice Form                 Ice/Tmut       93%        N/A       1%          4
 Petrify                  Tmut/Erth      90%        N/A       1%          4
 Iskenderun's Mystic Bla  Conj/Tloc      55%        2d12      2%          4
 Leda's Liquefaction      Hex/Erth       27%        N/A       2%          4
 Confusing Touch          Hex            31%        N/A       3%          3
 Dazzling Flash           Conj/Hex       62%        N/A       3%          3
 Tukima's Dance           Hex            31%        N/A       3%          3
 Anguish                  Hex/Necr       25%        N/A       3%          4
 Cause Fear               Hex            15%        N/A       10%         4
 Alistair's Intoxication  Tmut/Pois      58%        N/A       1%          5
 Blade Hands              Tmut           52%        N/A       1%          5
 Freezing Cloud           Conj/Ice/Air   36%        6-21      1%          5
 Lightning Bolt           Conj/Air       35%        1d53      1%          5
 Eringya's Noxious Bog    Tmut/Pois      44%        N/A       1%          6
 Agony                    Necr           63%        N/A       3%          5
 Summon Cactus Giant      Summ           39%        N/A       3%          6
 Metabolic Englaciation   Hex/Ice        30%        N/A       4%          5
 Summon Mana Viper        Hex/Summ       60%        N/A       4%          5
 Simulacrum               Ice/Necr       36%        N/A       9%          6
 Conjure Ball Lightning   Conj/Air       35%        3x3d11    11%         6
 Summon Hydra             Summ           39%        N/A       22%         7
 Iskenderun's Battlesphe  Conj           31%        2d8       28%         5
 Malign Gateway           Summ/Tloc      38%        N/A       32%         7
 Iron Shot                Conj/Erth      27%        9d6       36%         6
 Spellforged Servitor     Conj/Summ      30%        N/A       80%         7
 Starburst                Conj/Fire      15%        6d6       83%         6
 Summon Horrible Things   Summ           39%        N/A       86%         8
 Enfeeble                 Hex            15%        N/A       100%        7
 Borgnjor's Revivificati  Necr           31%        N/A       100%        8
 Dragon's Call            Summ           39%        N/A       100%        9
 Polar Vortex             Ice            39%        N/A       100%        9
 Animate Armour           Summ/Erth      Unusable   N/A       N/A         4

Dungeon Overview and Level Annotations

Branches:
Dungeon (15/15)            Temple (1/1) D:6            Lair (5/5) D:8
  Swamp (4/4) Lair:3        Snake (4/4) Lair:3        Slime (0/5) Lair:5
    Orc (2/2) D:12            Elf (3/3) Orc:2        Vaults (5/5) D:14
  Crypt (0/3) Vaults:2     Depths (4/4) D:15          IceCv (visited)
Volcano (visited)
    Zot: Depths:4

Altars:
Ashenzari
Cheibriados
Dithmenos
Elyvilon
Fedhas
Gozag
Hepliaklqana
Kikubaaqudgha
Makhleb
Nemelex Xobeh
Okawaru
Qazlal
Ru
Sif Muna
Trog
Uskayaw
Vehumet
Wu Jian
Xom
Yredelemnul
Zin
The Shining One

Shops:
D:11 :   D:12 !   Orc:1 *   Orc:2 [:*   Elf:2 ***!*   Elf:3 (   Snake:1 *
Snake:4 :   Vaults:2 [

Portals:
Hell: Depths:1 Depths:2 Depths:3 Depths:4
Abyss: Depths:3
Pandemonium: Orc:2 Depths:2
Ziggurat: Depths:1

Annotations:
Swamp:2 3 runed translucent doors, MisterFreud's ghost, adept FoFi
Depths:4 Parghit


Innate Abilities, Weirdness & Mutations

You are a lightning-filled tempest!
Your electrical attacks strike out in all directions at once.
You are incredibly evasive.
Your insubstantial body is immune to petrification, constriction, and being set on fire You are flying.
You are immune to poison.
Your armour is entirely melded.
You are incapable of wielding weapons or throwing items.
You cannot wear most types of armour.
You are amphibious.
You can wear up to eight rings at the same time.
((Your skin changes colour to match your surroundings (Stealth+).))
((Your rubbery body absorbs attacks. (AC +1, EV +1)))
((You are camouflaged when in or above water. (Stealth+)))
((You have tentacles for arms and can constrict up to eight enemies at once.))
Your mind is acute. (Int +4, Str/Dex -1)
Your body sometimes deteriorates upon taking damage.


Message History

You buffet the deep troll!
The deep troll is moderately wounded.
The deep troll completely misses you. The deep troll barely misses you.
The deep troll closely misses you.
You barely miss the deep troll.
The deep troll is moderately wounded.
The reaper misses you. The deep troll completely misses you.
The deep troll claws you. The deep troll completely misses you.
You batter the deep troll!!
Lightning courses through the deep troll!
You kill the deep troll!
Makhleb accepts your kill.
The reaper hits you from afar with a +1 scythe of venom!!
Your body deteriorates!
You feel clumsy. The balrug gestures at you. Something smites you!
You hit the titan. You punch the titan!
The titan is lightly wounded.
The balrug gestures at you. Something smites you!
Casting: Storm Form (dangerous; 1% risk of failure)
Confirm with . or Enter, or press ? or * to list all spells.
Your blood is infused with primal strength.
The reaper completely misses you. You block the titan's attack.
You batter the titan!!
The titan is heavily wounded.
The reaper hits you from afar with a +1 scythe of venom!!
Your body deteriorates!
You feel dopey. The titan hits you!!
* * * LOW HITPOINT WARNING * * *
Your body deteriorates!
You feel weakened.
You blast the titan!!!
The titan is almost dead.
The balrug gestures at you. Something smites you!
* * * LOW HITPOINT WARNING * * *
The reaper completely misses you.
The titan waves its arms in wide circles.
The air twists around and strikes you!!
You die...

#....#.....
#....#.... ...
#....#...# ...#
#....#...#
.....#....#...#
.....#....#e2.####
#....#....#C2.....
#.........v)2.....
####..[().)(######
......$)))).......
......[<<)).......
......<()<[.......
......)<<().......
####......)...####
..........†..#
.....#........#


You could see a titan, a reaper (summoned), 2 balrugs and a deep elf
demonologist.

Vanquished Creatures
  A dread lich (Vaults:5)
  An ancient lich (Vaults:5)
  A juggernaut (Depths:4)
  Vv (Depths:4)
  Margery (Depths:4)
  Saint Roka (Snake:2)
  A golden dragon (Vaults:5)
  Nikola (Swamp:1)
  Jory (Depths:4)
  A bone dragon (Depths:4)
  5 tentacled monstrosities
  A hellephant (Depths:2)
  Jorgrun (Elf:2)
  An Ice Fiend (IceCv)
  2 liches (Vaults:5)
  Asterion (Snake:3)
  3 deep elf blademasters
  Mlioglotl (Snake:3)
  A quicksilver dragon (shapeshifter) (Depths:3)
  4 titans
  5 sphinxes
  2 deep elf master archers (Elf:3)
  3 shadow dragons
  Agnes (Snake:1)
  3 storm dragons
  Gastronok (Lair:2)
  A thorn hunter (Swamp:3)
  Donald (Vaults:4)
  8 fire giants
  5 nagarajas (Snake:4)
  A rockslime (shapeshifter) (Depths:3)
  A fenstrider witch (Swamp:3)
  2 iron dragons (Vaults:4)
  The ghost of Qemahefa the Bludgeoner, an adept GrFi of Okawaru (Swamp:1)
  5 deep elf sorcerers (Elf:3)
  5 frost giants
  2 orc warlords
  A draconian scorcher (Depths:4)
  15 vault wardens
  Aizul (Snake:1)
  A ghoul (Swamp:1)
  3 spriggan defenders (Depths:2)
  5 deep elf elementalists (Elf:3)
  16 stone giants
  9 war gargoyles
  Louise (Elf:1)
  15 very ugly things
  7 ironbound thunderhulks
  5 eleionomae
  8 deep elf demonologists
  13 ironbound preservers
  6 spark wasps
  8 deep elf annihilators
  An eleionoma (shapeshifter) (Depths:3)
  2 purple draconians (Depths:4)
  4 bunyips (Swamp:3)
  40 dire elephants
  A spark wasp (shapeshifter) (Vaults:5)
  3 entropy weavers
  2 red draconians (Depths:4)
  8 ettins
  A merfolk impaler (Depths:1)
  A blizzard demon (Depths:3)
  6 fire dragons
  6 shambling mangroves
  2 green deaths (Swamp:4)
  3 jiangshi (Depths:2)
  2 deep elf death magi (Elf:3)
  30 vault guards
  19 yaktaur captains
  3 deep elf high priests
  Fannar (Lair:2)
  5 salamander tyrants
  7 great orbs of eyes
  3 ice dragons
  4 rakshasas
  A hell beast (Swamp:4)
  9 anacondas
  4 boulder beetles
  A ghost crab (Swamp:3)
  A spriggan air mage (Depths:1)
  A catoblepas (Lair:5)
  A death knight (D:14)
  Erica (D:8)
  6 ironbound frosthearts
  A radroach (shapeshifter) (Vaults:5)
  A peacekeeper (Vaults:4)
  18 hydras
  2 ogre magi
  A satyr (shapeshifter) (Depths:3)
  A two-headed ogre (shapeshifter) (Depths:3)
  4 centaur warriors
  13 naga warriors
  5 two-headed ogres
  6 tengu warriors
  44 dancing weapons
  6 alligators
  2 spriggan berserkers
  A vampire mage (Depths:2)
  2 deep troll shamans
  6 shock serpents
  13 naga sharpshooters
  4 orc high priests (Orc:2)
  7 deep troll earth magi
  Urug (Lair:4)
  A soul eater (Orc:2)
  Sonja (D:10)
  A thrashing horror (Swamp:4)
  8 hell knights
  12 deep elf knights
  2 salamander mystics
  A spectral death yak (Lair:5)
  5 skeletal warriors
  A goliath frog (Swamp:1)
  A death drake (Swamp:4)
  48 deep trolls
  A spectral anaconda (Lair:5)
  4 iron trolls
  A flayed ghost (Depths:1)
  5 spriggan druids
  A swamp dragon (shapeshifter) (Depths:3)
  10 glowing orange brains
  9 swamp dragons
  4 lindwurms
  9 spriggan simulacra
  A golden dragon zombie (Depths:2)
  6 obsidian statues
  6 naga ritualists
  Pikel (D:5)
  14 bog bodies
  18 ironbound convokers
  2 shadow dragon zombies
  14 deep elf archers
  2 phantasmal warriors (Vaults:5)
  11 wizards
  A wolf spider (D:15)
  22 deep elf pyromancers
  12 orc knights
  9 necromancers
  9 orc sorcerers
  7 mana vipers
  22 deep elf zephyrmancers
  3 oklob plants
  14 salamanders
  A manticore (shapeshifter) (Depths:4)
  6 will-o-the-wisps
  6 cyclopes
  2 shining eyes (Depths:1)
  An iron dragon skeleton (Vaults:5)
  A moth of wrath (shapeshifter) (Depths:3)
  48 ugly things
  26 elephants
  A fire giant skeleton (Depths:2)
  15 naga magi
  21 vault sentinels
  5 guardian serpents
  A frost giant skeleton (Depths:2)
  An eye of devastation (Depths:1)
  25 black mambas
  4 orange demons
  4 cane toads
  A smoke demon (Volcano)
  A torpor snail (Lair:5)
  4 molten gargoyles
  An unseen horror (D:11)
  A kobold demonologist (D:12)
  3 freezing wraiths
  3 rime drakes
  A tengu conjurer (Depths:1)
  9 komodo dragons
  6 anaconda simulacra
  52 yaktaurs
  A dire elephant skeleton (Lair:5)
  A tormentor (Depths:2)
  The ghost of Akransas the Trooper, a novice VSFi of Uskayaw (D:5)
  A golden dragon simulacrum (IceCv)
  8 ice devils
  6 trolls
  2 hellwings
  A red devil (Depths:2)
  6 tyrant leeches
  A bloated husk (Swamp:3)
  A polar bear (Lair:2)
  A raiju (Swamp:2)
  A merfolk (D:15)
  A wind drake (shapeshifter) (D:14)
  2 wind drakes (Depths:3)
  11 hornets
  21 slime creatures
  4 blink frogs
  A spectral elephant (Lair:5)
  Sigmund (D:2)
  2 centaur simulacra (D:14)
  5 air elementals
  18 water elementals
  3 spriggans (Swamp:4)
  A fire bat (Volcano)
  4 shadows
  3 wyverns
  Eustachio (D:5)
  A human (shapeshifter) (D:14)
  2 wraiths
  67 yaks
  2 dire elephant simulacra
  6 basilisks
  16 vampire mosquitoes
  2 humans (D:8)
  12 fire elementals
  13 minotaur simulacra
  2 redbacks (Vaults:1)
  2 steam dragons
  Edmund (D:4)
  A swamp worm (shapeshifter) (Vaults:5)
  44 nagas
  2 spectral cane toads (Lair:5)
  12 swamp worms
  6 wargs
  2 harpy simulacra (IceCv)
  A large abomination (Swamp:4)
  4 hell hounds
  13 water moccasins
  A hydra simulacrum (IceCv)
  2 acid dragons
  Duvessa (D:5)
  28 orc warriors
  A floating eye (Depths:3)
  4 swamp drakes
  2 sky beasts
  2 alligator simulacra (IceCv)
  8 ogres
  2 ettin simulacra
  12 centaurs
  2 lemures
  An elephant skeleton (Lair:5)
  2 phantoms
  2 elephant zombies (Lair:5)
  3 nameless horrors
  6 bullfrogs
  2 kobold brigands (D:8)
  A gnoll sergeant (D:9)
  9 deep troll simulacra
  3 scorpions
  9 earth elementals (Depths:3)
  3 wights (D:6)
  Dowan (D:5)
  8 killer bees
  A lindwurm simulacrum (Swamp:3)
  3 howler monkeys
  2 lava snakes (Volcano)
  25 orc priests
  2 hounds
  5 jellies
  Crazy Yiuf (D:2)
  Ijyb (D:3)
  4 iguanas
  12 orc wizards
  12 hell rats
  10 gnolls
  8 adders
  A shadow imp (D:8)
  3 white imps
  An ufetubus (D:7)
  3 worms
  A dart slug (D:3)
  61 orcs
  11 endoplasms
  A giant cockroach (D:3)
  7 goblins
  8 hobgoblins
  3 jackals (D:1)
  A quokka (D:5)
  12 ball pythons
  3 bats
  3 frilled lizards
  14 kobolds
  3 rats
  A bush (Lair:1)
1715 creatures vanquished.

Vanquished Creatures (collateral kills)
  2 deep elf demonologists (Elf:3)
  2 dire elephants (Vaults:3)
  An ettin (Orc:2)
  A deep elf death mage (Elf:3)
  2 hydras
  A boulder beetle (D:15)
  A centaur warrior (D:14)
  A naga ritualist (Snake:1)
  A necromancer (Lair:5)
  A wizard (Depths:1)
  2 ugly things (D:15)
  A mana viper (Snake:1)
  3 cyclopes
  A salamander (Snake:2)
  An elephant (Lair:5)
  A naga mage (Snake:1)
  A gargoyle (D:13)
  A cane toad (Lair:5)
  A polar bear (shapeshifter) (D:14)
  2 hornets (Swamp:3)
  13 slime creatures
  3 spriggans (Swamp:3)
  2 nagas
  A floating eye (Depths:1)
  3 orc warriors
  2 ogres
  3 centaurs (D:14)
  An orc wizard (Orc:2)
  13 orcs
68 creatures vanquished.

Vanquished Creatures (others)
  A bunyip (Swamp:1)
  A vault guard (Vaults:5)
  A death drake (Swamp:1)
  2 goliath frogs (Swamp:1)
  A glowing orange brain (Depths:3)
  A deep troll (Vaults:1)
  A wizard (Vaults:1)
  A deep elf zephyrmancer (Elf:2)
  5 bloated husks
  A blink frog (Lair:5)
  3 water elementals (Depths:3)
  A swamp worm (Swamp:1)
  A centaur (D:14)
  A lemure (D:5)
  A kobold (D:3)
  10 ball lightnings (Depths:3)
  A briar patch (Swamp:3)
  20 foxfires
  123 fungi
  110 plants
  9 snaplasher vines
  33 withered plants (Lair:5)
328 creatures vanquished.

Grand Total: 2111 creatures vanquished

Notes
Turn   | Place    | Note
-------+----------+-------------------------------------------
     0 | D:1      | inmateoo the Octopode Transmuter began the quest for the
                  | Orb.
     0 | D:1      | Reached XP level 1. HP: 13/13 MP: 3/3
   182 | D:1      | Found a faded altar of an unknown god.
   194 | D:1      | Reached XP level 2. HP: 9/18 MP: 3/5
   730 | D:1      | Learned a level 2 spell: Wereblood
  1192 | D:2      | Reached XP level 3. HP: 23/23 MP: 4/6
  1196 | D:2      | Learned a level 3 spell: Spider Form
  1200 | D:2      | Found a sparkling altar of Nemelex Xobeh.
  1309 | D:2      | Noticed Sigmund
  1323 | D:2      | Killed Sigmund
  1324 | D:2      | Reached skill level 4 in Unarmed Combat
  1324 | D:2      | Reached XP level 4. HP: 16/29 MP: 1/8
  1324 | D:2      | Reached XP level 5. HP: 19/34 MP: 1/9
  1478 | D:2      | Found a runed translucent door.
  1479 | D:2      | Noticed Crazy Yiuf
  1486 | D:2      | Killed Crazy Yiuf
  1794 | D:2      | Reached XP level 6. HP: 28/39 MP: 10/10
  2039 | D:3      | You fall into a shaft and drop 2 floors!
  2039 | D:5      | Entered Level 5 of the Dungeon
  2046 | D:5      | Learned a level 4 spell: Ice Form
  2203 | D:5      | Noticed Pikel
  2610 | D:4      | Found a shimmering blue altar of Sif Muna.
  2611 | D:4      | Found a white marble altar of Elyvilon.
  2757 | D:3      | Noticed Ijyb
  2764 | D:3      | Killed Ijyb
  3480 | D:3      | Reached skill level 1 in Ice Magic
  3901 | D:4      | Reached XP level 7. HP: 45/45 MP: 6/11
  3921 | D:4      | Identified the +10 dagger of Kosumm {elec, Will+ Str+4
                  | Dex-4}
  3938 | D:4      | Noticed Edmund
  3954 | D:4      | Killed Edmund
  3955 | D:4      | Reached skill level 5 in Unarmed Combat
  4437 | D:5      | Noticed Dowan
  4439 | D:5      | Noticed Duvessa
  4452 | D:5      | Killed Dowan
  4468 | D:5      | Killed Duvessa
  4469 | D:5      | Reached skill level 5 in Poison Magic
  4469 | D:5      | Reached XP level 8. HP: 26/52 MP: 6/13
  4732 | D:5      | Killed Pikel
  4821 | D:5      | Reached skill level 5 in Spellcasting
  4821 | D:5      | Reached skill level 5 in Transmutations
  4934 | D:5      | Noticed Eustachio
  4963 | D:5      | Killed Eustachio
  4964 | D:5      | Reached XP level 9. HP: 48/56 MP: 13/16
  5290 | D:5      | Found a runed translucent door.
  5290 | D:5      | Noticed Akransas's ghost (novice VSFi)
  5304 | D:5      | Killed Akransas's ghost
  5520 | D:6      | Found a staircase to the Ecumenical Temple.
  5533 | Temple   | Entered the Ecumenical Temple
  5795 | D:6      | Found the +1 robe of Vines {NoPotionHeal Regen++++}
  6146 | D:6      | Reached skill level 5 in Stealth
  6477 | D:6      | Found a stormy altar of Qazlal.
  6904 | D:7      | Found an ornate altar of the Wu Jian Council.
  7673 | D:8      | Reached skill level 1 in Short Blades
  7673 | D:8      | Reached XP level 10. HP: 35/64 MP: 14/18
  7683 | D:8      | Reached skill level 6 in Unarmed Combat
  7946 | D:8      | Found an iron altar of Okawaru.
  8482 | D:8      | Reached skill level 5 in Dodging
  8627 | D:8      | Found a staircase to the Lair.
  8736 | D:8      | Reached skill level 5 in Fighting
  8959 | D:8      | Learned a level 3 spell: Vampiric Draining
  9005 | D:8      | Noticed Erica
  9026 | D:8      | Killed Erica
  9027 | D:8      | Reached skill level 1 in Necromancy
  9268 | D:8      | Found a large runed translucent door.
  9269 | D:8      | Found a large runed translucent door.
  9714 | D:8      | Found a basalt altar of Yredelemnul.
  9714 | D:8      | Noticed a two-headed ogre
  9738 | D:8      | Killed a two-headed ogre
  9771 | D:8      | Found a hide-covered altar of Uskayaw.
  9859 | D:9      | Reached XP level 11. HP: 72/72 MP: 11/21
  9941 | D:9      | Noticed a two-headed ogre
  9959 | D:9      | Killed a two-headed ogre
 10096 | D:9      | Found a shimmering altar of Xom.
 10450 | D:9      | Noticed a centaur warrior
 10469 | D:9      | Killed a centaur warrior
 10484 | D:9      | Reached skill level 1 in Evocations
 10784 | D:9      | Identified the +2 robe of Thoughtfulness {rC+ Str+4}
 11030 | D:10     | Entered Level 10 of the Dungeon
 11078 | D:10     | Identified the +8 longbow of Toothy Guilt {flame, Will-
                  | Int+6}
 11177 | D:10     | Found a burning altar of Makhleb.
 11207 | D:10     | Became a worshipper of Makhleb the Destroyer
 11487 | D:10     | Noticed Sonja
 11491 | D:10     | Reached skill level 1 in Invocations
 11494 | D:10     | Killed Sonja
 11495 | D:10     | Reached skill level 7 in Unarmed Combat
 11917 | D:11     | Noticed a purple ugly thing
 11921 | D:11     | Killed a purple ugly thing
 11946 | D:11     | Found Feschogeo's Book Emporium.
 11947 | D:11     | Noticed a skeletal warrior
 11948 | D:11     | Noticed a skeletal warrior
 11948 | D:11     | Noticed a skeletal warrior
 11983 | D:10     | Killed a skeletal warrior
 12568 | Lair:1   | Entered Level 1 of the Lair of Beasts
 12829 | Lair:1   | Reached XP level 12. HP: 82/82 MP: 21/23
 12873 | Lair:1   | Noticed a four-headed hydra
 12877 | Lair:1   | Killed a four-headed hydra
 13082 | Lair:1   | Noticed a five-headed hydra
 13086 | Lair:1   | Killed a five-headed hydra
 13087 | Lair:1   | Reached skill level 8 in Unarmed Combat
 13441 | Lair:2   | Noticed Gastronok
 13451 | Lair:2   | Killed Gastronok
 13890 | Lair:2   | Noticed Fannar
 13901 | Lair:2   | Reached * piety under Makhleb
 14320 | Lair:2   | Killed Fannar
 14330 | Lair:2   | Reached skill level 9 in Unarmed Combat
 14644 | Lair:3   | Found a dark tunnel.
 14657 | Volcano  | Entered a volcano
 15367 | Volcano  | Found a radiant altar of Vehumet.
 15371 | Volcano  | Noticed a hell knight
 15372 | Volcano  | Reached skill level 10 in Stealth
 15377 | Volcano  | Reached skill level 5 in Invocations
 15382 | Volcano  | Killed a hell knight
 15383 | Volcano  | Reached XP level 13. HP: 79/88 MP: 25/25
 15446 | Volcano  | Reached skill level 10 in Unarmed Combat
 15508 | Volcano  | Identified the ring of Yddu {rF- Will+ Str+6 Dex+9 Stlth+}
 15547 | Lair:3   | Found a staircase to the Swamp.
 15597 | Lair:3   | Reached ** piety under Makhleb
 15878 | Lair:3   | Found a staircase to the Snake Pit.
 16713 | Lair:4   | Noticed Urug
 16722 | Lair:4   | Killed Urug
 17424 | Lair:5   | Entered Level 5 of the Lair of Beasts
 17433 | Lair:4   | Reached skill level 10 in Spellcasting
 17713 | Lair:5   | Reached skill level 1 in Summonings
 17916 | Lair:5   | Reached skill level 1 in Translocations
 17944 | Lair:5   | Identified the +1 scale mail "Deyg" {Fly rN+ Int-5}
 18021 | Lair:5   | Reached *** piety under Makhleb
 18169 | Lair:5   | Found a staircase to the Slime Pits.
 18377 | Lair:5   | Reached XP level 14. HP: 94/94 MP: 25/28
 18594 | Lair:5   | Reached **** piety under Makhleb
 18634 | Lair:5   | HP: 1/142 [catoblepas/blast of calcifying dust (8)]
 19098 | Lair:5   | Noticed a dire elephant
 19098 | Lair:5   | Noticed a dire elephant
 19098 | Lair:5   | Noticed a dire elephant
 19099 | Lair:5   | Noticed a dire elephant
 19099 | Lair:5   | Noticed a dire elephant
 19099 | Lair:5   | Noticed a dire elephant
 19522 | D:11     | Bought a Fen Folio for 672 gold pieces
 19742 | D:10     | Learned a level 5 spell: Summon Forest
 21239 | D:12     | Found Vuop's Distillery.
 21528 | D:12     | Found a staircase to the Orcish Mines.
 22370 | D:13     | Found the +10 tower shield of Ignorance {rN+ Int-4}
 22425 | D:13     | Reached skill level 5 in Summonings
 22427 | D:13     | Reached skill level 5 in Translocations
 24034 | D:14     | Found a gate to the Vaults.
 24045 | D:14     | Reached ***** piety under Makhleb
 24058 | D:14     | Reached XP level 15. HP: 100/100 MP: 16/29
 24080 | D:14     | Reached skill level 5 in Evocations
 24371 | D:15     | Entered Level 15 of the Dungeon
 24488 | D:15     | Identified the +5 long sword "Gosmier" {pain, Int+3 SInv}
 25105 | D:15     | Found a staircase to the Depths.
 25871 | Lair:5   | Reached skill level 11 in Unarmed Combat
 26954 | Lair:5   | Identified the ring "Laekhloj" {Fire rPois Int+2 SInv}
 27002 | Lair:5   | Got Kikubaaqudgh's Essays on Death
 27014 | Lair:5   | Learned a level 5 spell: Borgnjor's Vile Clutch
 27294 | Orc:1    | Entered Level 1 of the Orcish Mines
 27430 | Orc:1    | Found Boghet's Assorted Antiques.
 27516 | D:11     | Bought a book of the Dragon for 736 gold pieces
 27524 | D:11     | Learned a level 7 spell: Dragon Form
 28038 | Orc:2    | Entered Level 2 of the Orcish Mines
 28141 | Orc:1    | Reached skill level 1 in Earth Magic
 28450 | Orc:2    | Found Zamea's Distillery.
 28451 | Orc:2    | Found Moufiph's General Store.
 28481 | Orc:2    | Reached XP level 16. HP: 107/108 MP: 27/31
 28884 | Orc:2    | Reached ****** piety under Makhleb
 29361 | Orc:2    | Paralysed by an orc sorcerer for 4 turns
 29371 | Orc:2    | Reached skill level 10 in Invocations
 29391 | Orc:2    | Found Esoutenu's Book Boutique.
 29391 | Orc:2    | Found Vourerph's Antique Armour Shop.
 29391 | Orc:2    | Found a one-way gate leading to the halls of Pandemonium.
 29493 | Orc:2    | Reached skill level 10 in Fighting
 29959 | Orc:2    | Found a staircase to the Elven Halls.
 30408 | Snake:1  | Entered Level 1 of the Snake Pit
 30411 | Lair:3   | Gained mutation: You occasionally lose the ability to drink
                  | potions when taking damage. [mutagenic glow]
 30434 | Lair:3   | Gained mutation: Your spells are a little easier to cast,
                  | but a little less powerful. [mutagenic glow]
 30497 | Lair:3   | Lost mutation: Your spells are a little easier to cast, but
                  | a little less powerful. [potion of mutation]
 30497 | Lair:3   | Lost mutation: You occasionally lose the ability to drink
                  | potions when taking damage. [potion of mutation]
 30497 | Lair:3   | Gained mutation: Your mind is acute. (Int +4, Str/Dex -1)
                  | [potion of mutation]
 30692 | Snake:1  | Found Unarruan's Overcharged Wands.
 31014 | Snake:1  | Found a shadowy altar of Dithmenos.
 31177 | Snake:1  | Identified the +8 flail of Dullness {drain, +Blink rC+
                  | MP+9}
 31577 | Snake:1  | Noticed Agnes
 31626 | Snake:1  | Noticed Aizul
 31640 | Snake:1  | Killed Aizul
 31981 | Snake:2  | Reached skill level 12 in Unarmed Combat
 32109 | Snake:2  | HP: 7/163 [naga/+0 glaive (14)]
 32116 | Snake:2  | Reached skill level 10 in Transmutations
 33892 | Snake:1  | Killed Agnes
 33993 | Snake:3  | Reached XP level 17. HP: 115/115 MP: 13/33
 34261 | Snake:3  | Noticed Asterion
 34283 | Snake:3  | Noticed an Executioner
 34285 | Snake:3  | Killed Asterion
 34388 | Snake:3  | Noticed Saint Roka
 34426 | Snake:2  | Killed Saint Roka
 35000 | Snake:3  | Noticed Mlioglotl
 35012 | Snake:3  | Killed Mlioglotl
 35279 | Snake:3  | Gained mutation: Your body sometimes deteriorates upon
                  | taking damage. [mutagenic glow]
 35312 | Snake:4  | Entered Level 4 of the Snake Pit
 35346 | Snake:4  | Found a shimmering blue altar of Sif Muna.
 35602 | Snake:4  | Found Foith's Book Shoppe.
 35610 | Snake:4  | Bought a book of Sloth for 612 gold pieces
 35617 | Snake:4  | Learned a level 6 spell: Statue Form
 36391 | Snake:4  | Found the +3 hat of Pondering {ponderous, Will+ MP+10
                  | Int+5}
 36835 | Snake:4  | Reached XP level 18. HP: 59/122 MP: 34/34
 37114 | Snake:4  | Got a serpentine rune of Zot
 37289 | Swamp:1  | Entered Level 1 of the Swamp
 37289 | Swamp:1  | Noticed Nikola
 37305 | Swamp:1  | Killed Nikola
 37692 | Swamp:1  | Found a transporter.
 37695 | Swamp:1  | Noticed Qemahefa's ghost (adept GrFi)
 37706 | Swamp:1  | Noticed a tentacled monstrosity
 37716 | Swamp:1  | Killed a tentacled monstrosity
 37729 | Swamp:1  | Got the Parchment of the Squall
 37770 | Swamp:1  | Reached skill level 5 in Necromancy
 37799 | Swamp:1  | Found a transporter.
 37998 | Swamp:1  | Learned a level 7 spell: Storm Form
 38028 | Swamp:1  | Reached skill level 1 in Air Magic
 38035 | Swamp:1  | Killed Qemahefa's ghost
 38345 | Swamp:2  | Noticed a tentacled monstrosity
 38397 | Swamp:2  | Found a runed translucent gate.
 38397 | Swamp:2  | Found a runed translucent gate.
 38397 | Swamp:2  | Found a runed translucent gate.
 38401 | Swamp:2  | Noticed MisterFreud's ghost (adept FoFi)
 38463 | Swamp:2  | Reached skill level 5 in Earth Magic
 38826 | Swamp:3  | Found a frozen archway.
 38880 | IceCv    | Entered an ice cave
 39224 | IceCv    | Reached skill level 10 in Dodging
 39499 | IceCv    | Identified the +1 scale mail of the Stars {rC+ Str-3 Dex+4}
 39606 | IceCv    | Noticed an Ice Fiend
 39636 | IceCv    | Killed an Ice Fiend
 39923 | Swamp:3  | Reached skill level 1 in Shields
 39984 | Swamp:3  | Noticed a tentacled monstrosity
 39993 | Swamp:3  | Killed a tentacled monstrosity
 40672 | Swamp:4  | Entered Level 4 of the Swamp
 40827 | Swamp:4  | Reached XP level 19. HP: 114/128 MP: 35/35
 40959 | Swamp:4  | Reached skill level 5 in Air Magic
 41036 | Swamp:4  | Reached skill level 13 in Unarmed Combat
 41232 | Swamp:4  | Got a decaying rune of Zot
 41339 | Swamp:4  | Found an ancient bone altar of Kikubaaqudgha.
 41703 | Swamp:4  | Identified the +2 pair of gloves "Naitrem" {rElec}
 42187 | Elf:1    | Entered Level 1 of the Elven Halls
 42531 | Elf:1    | Noticed Louise
 42542 | Elf:1    | Killed Louise
 43064 | Elf:2    | Found Ximih's General Store.
 43064 | Elf:2    | Found Urudosk's Assorted Antiques.
 43066 | Elf:2    | Found Zopi's Distillery.
 43068 | Elf:2    | Found Haoplila's Assorted Antiques.
 43158 | Elf:2    | Found Xakeu's Assorted Antiques.
 43176 | Elf:2    | Bought a potion of haste for 300 gold pieces
 43215 | Elf:2    | Paralysed by an air elemental for 1 turns
 43353 | Elf:2    | Found a huge runed translucent gate.
 43353 | Elf:2    | Found a huge runed translucent gate.
 43353 | Elf:2    | Found a huge runed translucent gate.
 43353 | Elf:2    | Found a huge runed translucent gate.
 43354 | Elf:2    | Found a huge runed translucent gate.
 43976 | Elf:2    | Noticed Jorgrun
 43985 | Elf:2    | Reached XP level 20. HP: 108/131 MP: 11/37
 43988 | Elf:2    | Killed Jorgrun
 44218 | Elf:3    | Entered Level 3 of the Elven Halls
 44575 | Elf:3    | Found Gekkeffo's Weapon Shop.
 44803 | Elf:3    | Identified the +4 scale mail "Uramaiz" {Rampage rC+ Int+2}
 45054 | Elf:3    | Reached skill level 5 in Shields
 45146 | Elf:3    | Noticed a Tzitzimitl
 45153 | Elf:3    | Identified the +9 dire flail of the Cursing Priest {elec,
                  | rC+}
 45243 | Elf:3    | Identified the +2 lajatang "Edoet" {vorpal, rN++ Dex-3
                  | SInv}
 45243 | Elf:3    | Identified the +0 robe of the Cricket {Contam MP+9 Dex+5
                  | Slay+5}
 45255 | Elf:3    | Identified the +6 hand axe of Glory {vorpal, rElec rN++}
 45269 | Elf:3    | Identified the +0 ring mail of Vanity {rPois}
 45271 | Elf:3    | Identified the +6 rapier of the Ass {pain, rCorr Dex+4}
 45273 | Elf:3    | Got the Octavo of Suicidal Tendencies
 45276 | Elf:3    | Identified the +9 sling of Ruugha {freeze, rPois Int+2
                  | Dex+2}
 45300 | Elf:3    | Got the Tome of Lethal Transmutation
 45305 | Elf:3    | Identified the +0 robe of Nitar {rF++ rCorr MP-9 Int+3}
 45667 | Orc:2    | Learned a level 7 spell: Ozocubu's Refrigeration
 45831 | Vaults:1 | Entered Level 1 of the Vaults
 46023 | Vaults:1 | Reached skill level 14 in Unarmed Combat
 46083 | Vaults:1 | You are sucked into a shaft and drop 1 floor!
 46136 | Vaults:2 | Reached XP level 21. HP: 111/143 MP: 22/38
 46688 | Vaults:1 | Reached skill level 5 in Ice Magic
 47391 | Vaults:2 | Found Keffawut's Antique Armour Boutique.
 47417 | Vaults:2 | Bought the -2 hat of the Alchemist {rElec rPois rF+ rC+ rN+
                  | Will+ rMut rCorr} for 1038 gold pieces
 47417 | Vaults:2 | Found the -2 hat of the Alchemist {rElec rPois rF+ rC+ rN+
                  | Will+ rMut rCorr}
 47608 | Vaults:2 | Found a staircase to the Crypt.
 47608 | Vaults:2 | Found a basalt altar of Yredelemnul.
 47608 | Vaults:2 | Found an ancient bone altar of Kikubaaqudgha.
 48468 | Vaults:3 | Reached skill level 15 in Unarmed Combat
 49112 | Vaults:3 | Reached skill level 10 in Air Magic
 49389 | Vaults:3 | Reached XP level 22. HP: 151/151 MP: 40/40
 49402 | Vaults:3 | Identified the +1 sling "Newtbane" {venom, rN+ Dex+6}
 49515 | Vaults:4 | Found a huge runed gate.
 49515 | Vaults:4 | Found a huge runed gate.
 49515 | Vaults:4 | Found a huge runed gate.
 49515 | Vaults:4 | Found a huge runed gate.
 49516 | Vaults:4 | Found a huge runed gate.
 49516 | Vaults:4 | Found a huge runed gate.
 49516 | Vaults:4 | Found a huge runed gate.
 49516 | Vaults:4 | Found a huge runed gate.
 49517 | Vaults:4 | Found a huge runed gate.
 49517 | Vaults:4 | Found a huge runed gate.
 49517 | Vaults:4 | Found a huge runed gate.
 49517 | Vaults:4 | Found a huge runed gate.
 49517 | Vaults:4 | Found a huge runed gate.
 49518 | Vaults:4 | Found a huge runed gate.
 49519 | Vaults:4 | Found a huge runed gate.
 49520 | Vaults:4 | Found a huge runed gate.
 49521 | Vaults:4 | Found a huge runed gate.
 49529 | Vaults:4 | Found a huge runed gate.
 49529 | Vaults:4 | Found a huge runed gate.
 49529 | Vaults:4 | Found a huge runed gate.
 49529 | Vaults:4 | Found a huge runed gate.
 49529 | Vaults:4 | Found a huge runed gate.
 49529 | Vaults:4 | Found a huge runed gate.
 49530 | Vaults:4 | Found a huge runed gate.
 49531 | Vaults:4 | Found a huge runed gate.
 49532 | Vaults:4 | Found a huge runed gate.
 49540 | Vaults:4 | Found a huge runed gate.
 49540 | Vaults:4 | Found a huge runed gate.
 49540 | Vaults:4 | Found a huge runed gate.
 49540 | Vaults:4 | Found a huge runed gate.
 49540 | Vaults:4 | Found a huge runed gate.
 49540 | Vaults:4 | Found a huge runed gate.
 49541 | Vaults:4 | Found a huge runed gate.
 49542 | Vaults:4 | Found a huge runed gate.
 49543 | Vaults:4 | Found a huge runed gate.
 49554 | Vaults:4 | Found a huge runed gate.
 49668 | Vaults:4 | Reached skill level 15 in Transmutations
 49698 | Vaults:4 | Noticed Donald
 49702 | Vaults:4 | Killed Donald
 51085 | Vaults:4 | Identified the +11 spear "Biorem" {venom, rF+ rN+ Will-}
 51248 | Depths:1 | Entered Level 1 of the Depths
 51276 | Depths:1 | Reached skill level 16 in Unarmed Combat
 51308 | Depths:1 | Found a one-way gateway to a ziggurat.
 51313 | Depths:1 | Paralysed by a floating eye for 3 turns
 51526 | Depths:1 | Found a bloodstained altar of Trog.
 51632 | Depths:1 | Found a gateway to Hell.
 52223 | Depths:2 | You fall into a shaft and drop 1 floor!
 52256 | Depths:3 | Reached XP level 23. HP: 158/158 MP: 39/41
 52627 | Depths:2 | Reached skill level 15 in Spellcasting
 53386 | Depths:2 | Reached skill level 17 in Unarmed Combat
 54075 | Depths:3 | Paralysed by a floating eye for 2 turns
 54274 | Depths:3 | Found a one-way gate to the infinite horrors of the Abyss.
 54290 | Depths:3 | Identified the ring of Veariuz {rF+ Dex+4 Slay+4}
 54488 | Depths:4 | Entered Level 4 of the Depths
 54695 | Depths:4 | Noticed Margery
 54702 | Depths:4 | Killed Margery
 55111 | Depths:4 | Reached XP level 24. HP: 165/167 MP: 42/42
 55238 | Depths:4 | Noticed Vv
 55262 | Depths:4 | Noticed a juggernaut
 55266 | Depths:4 | Killed Vv
 55268 | Depths:4 | Noticed Jory
 55275 | Depths:4 | Killed a juggernaut
 55302 | Depths:4 | Killed Jory
 55569 | Depths:4 | Learned a level 4 spell: Summon Lightning Spire
 55579 | Depths:4 | Learned a level 8 spell: Maxwell's Capacitive Coupling
 55584 | Depths:4 | Noticed Parghit
 55912 | Vaults:4 | Learned a level 7 spell: Storm Form
 55915 | Vaults:5 | Entered Level 5 of the Vaults
 55916 | Vaults:5 | Noticed a dread lich
 55928 | Vaults:5 | Reached skill level 18 in Unarmed Combat
 55936 | Vaults:5 | Killed a dread lich
 55976 | Vaults:5 | Noticed an ancient lich
 56135 | Vaults:5 | Reached skill level 15 in Fighting
 56137 | Vaults:5 | Killed an ancient lich
 56176 | Vaults:5 | Paralysed by a sphinx for 3 turns
 56221 | Vaults:5 | Killed from afar by a titan

Illustrated notes

Levels and vault maps discovered:
D:1:      lemuel_arrival_muddy, layout_rooms, ebering_ecumenical_altar_rust
D:2:      layout_rooms, basic_altar, minmay_shallow_snake_nest, uniq_sigmund,
          uniq_crazy_yiuf_cottage
D:3:      layout_loops_cross, dk_noncrumbling_2, uniq_ijyb
D:4:      layout_cave_pools, nicolae_overflow_squiral, uniq_edmund
D:5:      layout_loops_corners, gammafunk_ghost_grave,
          hangedman_decor_peaks_small, uniq_duvessa, uniq_eustachio, uniq_pikel
D:6:      layout_basic, nicolae_qazlal_eye_of_the_storm,
          minmay_temple_entry_glassed_door
D:7:      layout_basic, mainiacjoe_overflow_six_doors_small
D:8:      layout_layer_cave, okawaru_humans, jmf_multi_god_temple2,
          erik_lair_orcish_takeover, dk_vineyard_2, uniq_erica
D:9:      layout_cave_pools, brannock_xom_greatest_gift,
          lightli_fourway_metalbox
D:10:     layout_roguey, lightli_temple_of_fire, uniq_sonja
D:11:     layout_rooms, serial_shops, nicolae_shop_trees
D:12:     layout_stronghold, orc_0_dummy, serial_shops, nicolae_shop_statue_plus
D:13:     layout_rooms
D:14:     layout_cave_pools, lightli_vaults_fourway_checkpoint,
          reono_crystal_passage
D:15:     hangedman_depths_entry_try_elsewhere_first, layout_basic
Temple:   dshaligram_water_room_temple
Lair:1:   layout_misc_corridors, grunt_forest_small_clearings, minmay_hedge_maze
Lair:2:   layout_misc_corridors, uniq_fannar, uniq_gastronok
Lair:3:   layout_chaotic_city, minmay_swamp_entry_worms, dummy_snake_entry,
          enter_volcano_3, gauntlet_entry_generic
Lair:4:   layout_roguey, uniq_urug
Lair:5:   due_jungle_book, layout_regular_city, nicolae_slime_entry_slimehenge,
          grunt_megastairs_5
Swamp:1:  layout_falls_marsh, gammafunk_ghost_arena, infiniplex_staircase_pool,
          uniq_nikola
Swamp:2:  layout_falls_marsh, gammafunk_ghost_split, nicolae_swamp_big_swirl,
          beargit_elvish_explorers
Swamp:3:  nicolae_swamp_phyte_club, layout_basic_swamp,
          portal_ice_cave_entry_ice_simulacra, serial_swamp_ruin,
          evilmike_swamp_ruin_rubble_1, evilmike_swamp_ruin_house_1,
          evilmike_swamp_ruin_house_6
Swamp:4:  swamp_vile, layout_basic_swamp, swamp_pool2, hangedman_swamp_blocks,
          grunt_ruined_hall
Snake:1:  layout_layer_cave, basic_altar, nicolae_shop_overcharged_wands,
          uniq_agnes, uniq_aizul
Snake:2:  layout_cave_town, serial_bayou_crossing, nicolae_triple_integral
Snake:3:  layout_honeycomb, uniq_saint_roka, uniq_asterion, uniq_mlioglotl
Snake:4:  minmay_snake_end_coiled, layout_onion, serial_shops, shop,
          basic_altar, grunt_ministairs_9, fake_guardian_serpent_vault,
          lemuel_fruit_tree
Orc:1:    layout_diamond_mine, serial_shops, shop
Orc:2:    pf_orc_diabolical, layout_diamond_mine, lightli_orcish_oven
Elf:1:    eino_elf_arrival_sip, layout_gridlike, evilmike_minifort,
          hangedman_decor_cross_pass, uniq_louise
Elf:2:    elven_hall_of_blades_hangedman_alternative
          [infiniplex_blade_entry_pillars], layout_geoelf_octagon, serial_shops,
          nicolae_shop_crystal, lemuel_flamethrower_1, minmay_shoptagon,
          uniq_jorgrun
Elf:3:    elf_hall, layout_loops_cross, serial_shops, shop
Vaults:1: vaults_mumra_chevron, vaults_standard_mumra_enter_the_diamond,
          v_misc_2, hangedman_vaults_stream, vaults_dpeg_diagonal,
          ontoclasm_vaults_ring_large, vaults_dpeg_spiral, vaults_room_grid,
          nicolae_vaults_little_squares_5, nicolae_vaults_little_squares_4,
          nicolae_vaults_asterisk, vaults_dpeg_encased_lava, vaults_room_pools,
          vaults_dpeg_hooks, layout_vaults_ring
Vaults:2: minmay_crypt_entry_necro_gods, hangedman_vaults_capsules,
          grunt_vaults_hallway_long, hangedman_vaults_stitches,
          hangedman_vaults_impose, hangedman_vaults_trim, v_misc_26, v_misc_28,
          v_alt_pattern_5, layout_vaults_omnicross, serial_shops,
          nicolae_diamond_shop
Vaults:3: nicolae_vaults_little_squares_2, ontoclasm_vaults_pinch,
          nicolae_vaults_angled_halls, ontoclasm_vaults_gateway,
          hangedman_vaults_corner_blocks, vaults_mumra_minichess_inversion,
          vaults_room_glass_cross, grunt_vaults_hallway_short,
          nicolae_vaults_gold_heap, nicolae_vaults_ring_of_whatevers,
          nicolae_vaults_mini_display_case, layout_vaults_omnigrid
Vaults:4: nicolae_vaults_ninety_degrees, nicolae_vaults_network_square,
          v_alt_pattern_4, nicolae_vaults_little_squares_4,
          ontoclasm_vaults_hangar, nicolae_vaults_yaktaur_gun_rack, door_vault,
          vaults_mumra_lcd, v_misc_15, vaults_room_corners, layout_vaults_maze,
          uniq_donald
Vaults:5: serial_shops
Depths:1: layout_basic, enter_ziggurat_d, hangedman_tar_grid_catacomb,
          trog_three_pillars_becter, minmay_fractal_squares_diagonal_5,
          serial_bayou_shore_b
Depths:2: mu_elephants_graveyard, layout_basic, glass_columns_a,
          rand_demon_pan_entry_5, hell_entry
Depths:3: radiant_caverns_a_rkd, hell_entry, abyss_entry
Depths:4: grunt_zot_entry_pinwheel, layout_small_grid, hell_entry, abyss_entry,
          roderic_lattice_octagonal_star, uniq_jory, uniq_margery, uniq_vv,
          uniq_parghit

Skill      XL: |  1  2  3  4  5  6  7  8  9 10 11 12 13 14 15 16 17 18 19 20 21 22 23 24 |
---------------+-------------------------------------------------------------------------+-----
Fighting       | 2 3 4 6 7 8 9 10 11 12 13 14 15 | 15.2
Unarmed Combat | 4 5 6 7 9 10 11 12 13 14 15 16 17 18 | 18.0
Poison Magic   | 2 3 5 6 |  6.0
Transmutations | 3 5 6 7 8 11 12 13 14 15 16 17 | 17.0
Spellcasting   | 3 5 6 7 8 10 11 12 13 14 15 16 | 16.0
Ice Magic      | 1 3 4 6 7 9 |  9.0
Dodging        | 3 4 5 7 8 9 10 11 12 14 | 14.8
Stealth        | 4 5 7 8 10 11 12 13 14 | 14.0
Short Blades   | 1 3 |  3.0
Necromancy     | 2 3 4 5 |  5.0
Evocations     | 3 4 5 |  5.0
Invocations    | 2 5 8 9 10 11 12 13 14 | 14.0
Summonings     | 1 6 7 8 9 |  9.0
Translocations | 1 7 |  7.0
Earth Magic    | 1 3 4 5 6 7 |  7.0
Air Magic      | 4 7 9 10 11 12 13 | 13.1
Shields        | 2 4 5 |  5.0

Action                   |  1- 3 |  4- 6 |  7- 9 | 10-12 | 13-15 | 16-18 | 19-21 | 22-24 || total
-------------------------+-------+-------+-------+-------+-------+-------+-------+-------++-------
Melee: Unarmed           |    54 |   119 |   161 |   414 |   819 |   970 |   813 |   892 ||  4242
       Constrict         |     8 |     9 |    12 |     7 |    17 |    69 |   104 |    65 ||   291
       Tentacles         |    10 |     8 |    10 |     5 |    25 |   137 |   207 |   201 ||   603
       Kick              |     5 |     7 |       |       |     1 |       |       |       ||    13
       Punch             |     2 |     1 |     2 |     3 |    12 |    80 |    95 |   152 ||   347
       Dagger            |       |       |    55 |    27 |   101 |    22 |       |       ||   205
       Tailslap          |       |       |       |       |       |    48 |    15 |     7 ||    70
       Bite              |       |       |       |       |       |    35 |    11 |     3 ||    49
Throw: Dart              |       |       |       |    16 |       |     1 |       |       ||    17
 Cast: Beastly Appendage |    14 |     3 |       |       |     3 |       |       |       ||    20
       Spider Form       |     1 |    10 |     6 |     7 |     1 |     2 |       |       ||    27
       Wereblood         |       |     5 |    11 |    16 |    27 |    48 |    46 |    42 ||   195
       Ice Form          |       |     3 |    10 |    30 |    66 |    21 |       |       ||   130
       Summon Forest     |       |       |       |       |    32 |    12 |     2 |     2 ||    48
       Dragon Form       |       |       |       |       |       |    23 |     9 |     3 ||    35
       Vampiric Draining |       |       |       |       |       |     1 |       |       ||     1
       Statue Form       |       |       |       |       |       |    47 |    54 |    42 ||   143
       Borgnjor's Vile C |       |       |       |       |       |     5 |    20 |    11 ||    36
       Storm Form        |       |       |       |       |       |       |     7 |    16 ||    23
Invok: Greater Servant o |       |       |       |       |     1 |       |       |       ||     1
       Lesser Servant of |       |       |       |       |       |     1 |       |       ||     1
 Abil: End Transformatio |       |     1 |       |     5 |    10 |     2 |     2 |       ||    20
       Breathe Fire      |       |       |       |       |       |     9 |     2 |     1 ||    12
       Blinkbolt         |       |       |       |       |       |       |     4 |     5 ||     9
Evoke: Wand              |       |       |     8 |    20 |    29 |     5 |       |     5 ||    67
       Condenser vane    |       |       |       |       |     1 |     4 |     2 |     3 ||    10
       Box of beasts     |       |       |       |       |       |     3 |       |     1 ||     4
  Use: Scroll            |       |    12 |       |    12 |     8 |     3 |     4 |     7 ||    46
       Potion            |       |       |     1 |       |     6 |     4 |       |    15 ||    26
 Stab: Sleeping          |     5 |     6 |     6 |     8 |    25 |    16 |    20 |     4 ||    90
       Invisible         |       |       |     3 |     1 |     1 |       |       |       ||     5
       Paralysed         |       |       |       |     9 |     4 |       |       |       ||    13
       Distracted        |       |       |       |       |    11 |     2 |     1 |     1 ||    15
       Petrified         |       |       |       |       |     8 |       |       |       ||     8
Armor: Skin              |     3 |     6 |    28 |    78 |   268 |   313 |   365 |   367 ||  1428
Dodge: Dodged            |    24 |    84 |   147 |   276 |   656 |   942 |  1105 |  1273 ||  4507
Block: Other             |       |       |     4 |    87 |   178 |   155 |    41 |    69 ||   534
       Reflection        |       |       |       |     1 |    24 |    26 |    62 |    21 ||   134
       Kite shield       |       |       |       |       |       |   197 |   768 |   768 ||  1733
